 Dungeon Crawl Stone Soup version 0.27-a0-1119-gbf574a6a6b (webtiles) character file.

Game seed: 11001337500870309440

56 kodamatunes15 the Ducker (level 3, -1/17 HPs)
             Began as a Felid Berserker on May 2, 2021.
             Was a Follower of Trog.
             Killed from afar by Natasha (6 damage)
             ... with a magic dart
             ... on level 2 of the Dungeon.
             The game lasted 00:13:22 (1853 turns).

kodamatunes15 the Ducker (Felid Berserker)          Turns: 1853, Time: 00:13:24

Health: -1/17      AC:  1    Str: 14    XL:     3   Next: 71%
Magic:  4/4        EV: 19    Int:  8    God:    Trog [*.....]
Gold:   65         SH:  0    Dex: 15    Spells: 2/2 levels left
                                        Lives:  0   Deaths: 0

rFire    . . .     SeeInvis +     - Unarmed
rCold    . . .     Faith    .   (shield unavailable)
rNeg     . . .     Spirit   .   (armour unavailable)
rPois    .         Reflect  .   (helmet unavailable)
rElec    .         Harm     .   (cloak unavailable)
rCorr    .         Rampage  .   (gloves unavailable)
Will     .....                  (boots unavailable)
Stlth    ++........             (no amulet)
HPRegen  0.05/turn              (no ring)
MPRegen  0.09/turn              (no ring)

@: quick
A: very small, claws 1, fangs 3, see invisible, speed 1, shaggy fur 1, stealthy
paws, no weapons or thrown items, no armour, multi-lived
a: Renounce Religion, Berserk


You were on level 2 of the Dungeon.
You worshipped Trog.
Trog was aware of your devotion.
You visited 1 branch of the dungeon, and saw 2 of its levels.

You collected 65 gold pieces.

Inventory:

Scrolls
 k - 2 scrolls of blinking
 l - a scroll of vulnerability
Potions
 b - a potion of ambrosia
 d - a potion of curing {unknown}
 f - a potion of attraction {unknown}
 h - a potion of cancellation {unknown}
 i - a potion of heal wounds {unknown}
 j - a potion of lignification {unknown}


   Skills:
 + Level 3.4 Fighting
 + Level 4.7 Dodging
 + Level 1.4 Stealth
 + Level 3.7 Unarmed Combat


You had 2 spell levels left.
You didn't know any spells.
Your spell library contained the following spells:

 Spells                   Type           Power      Damage    Failure   Level
 Summon Small Mammal      Summ           0%         N/A       41%         1
 Call Imp                 Summ           0%         N/A       54%         2
 Call Canine Familiar     Summ           0%         N/A       78%         3
 Summon Guardian Golem    Hex/Summ       0%         N/A       78%         3
 Summon Ice Beast         Ice/Summ       0%         N/A       99%         4
 Summon Lightning Spire   Summ/Air       0%         N/A       99%         4


Dungeon Overview and Level Annotations

Branches:
Dungeon (2/15)

Altars:

Annotations:
D:2 Natasha


Innate Abilities, Weirdness & Mutations

You have sharp claws.
You have razor-sharp teeth.
You have supernaturally acute eyesight. (SInv)
You cover ground quickly. (Speed+)
You are covered in fur. (AC +1)
Your paws help you pounce on unaware monsters.
You are incapable of wielding weapons or throwing items.
You cannot wear armour.
You gain extra lives every three experience levels.


Message History

[Y]es or [N]o only, please.
Really abort (and waste the scroll)?
Okay, then.
You don't know any spells.
Drop what? 12/52 slots (_ for help) (? for menu, Esc to quit)
You drop 108 stones.
You drop a +0 tower shield.
You drop a +0 short sword.
You drop 14 poisoned darts.
Found a faded altar of an unknown god.
An endoplasm comes into view.
The helpless endoplasm fails to defend itself.
You claw the endoplasm!
You kill the endoplasm!
Trog accepts your kill.
You see here the felid corpse of Natasha.
HP restored.
Natasha, Servant of Life and Death comes into view.
Natasha hisses angrily.
Natasha barely misses you.
You barely miss Natasha.
Natasha casts a spell.
You closely miss Natasha. You scratch Natasha.
Natasha is moderately wounded.
The crimson imp closely misses you. Natasha barely misses you.
You scratch Natasha.
Natasha is severely wounded.
The crimson imp misses you. Natasha closely misses you.
You closely miss Natasha.
Natasha is severely wounded.
The crimson imp hits you. Natasha claws you!
You miss Natasha.
Natasha is severely wounded.
The crimson imp shouts, "Back with thee, thou defiled crook-pated dingleberry!"
The crimson imp hits you.
* * * LOW HITPOINT WARNING * * *
Natasha casts a spell at you. The magic dart hits you.
You die...

#### #...[..#....#.# ######
#......#....#.# .....#
####...##.#.#.# .....##
####.....##.....# ......#
#....#...####...# ......#
#.#..########.#.# ......#
.......>.....#.# ).....#
##.5......###.#
......#######...@h........#
...........##.........#####
.....#####.##.........#
###### #.##....(....#
##...# #............#
.....# #.###........#
.....# ### #........#
.....##################
............#


You could see Natasha and a crimson imp (summoned).

Vanquished Creatures
  Natasha (D:2)
  An adder (D:2)
  A worm (D:2)
  2 ball pythons
  2 bats (D:2)
  3 endoplasms
  2 goblins
  A hobgoblin (D:2)
  2 kobolds
  A quokka (D:1)
  2 frilled lizards
  3 rats
21 creatures vanquished.

Vanquished Creatures (others)
  A plant (D:1)
1 creature vanquished.

Grand Total: 22 creatures vanquished

Notes
Turn   | Place    | Note
-------+----------+-------------------------------------------
     0 | D:1      | kodamatunes15 the Felid Berserker began the quest for the
                  | Orb.
     0 | D:1      | Reached XP level 1. HP: 10/10 MP: 2/2
   809 | D:1      | You fall into a shaft and drop 1 floor!
   823 | D:1      | Reached XP level 2. HP: 7/14 MP: 3/3
  1368 | D:2      | Reached skill level 1 in Stealth
  1574 | D:2      | Noticed Natasha
  1579 | D:2      | Reached XP level 3. HP: 13/17 MP: 4/4
  1583 | D:2      | Killed Natasha
  1707 | D:2      | Found a faded altar of an unknown god.
  1841 | D:2      | Noticed Natasha
  1853 | D:2      | Killed from afar by Natasha

Illustrated notes

Levels and vault maps discovered:
D:1:      amcnicky_arrival_blooded_trapdoor, layout_loops_cross, serial_forest,
          infiniplex_forest_end_2, infiniplex_forest_lined_room_2,
          infiniplex_forest_end_3, infiniplex_forest_end_1,
          infiniplex_forest_straight_1, infiniplex_forest_lined_room_3,
          infiniplex_forest_pool, minmay_door_square
D:2:      layout_basic, ebering_ecumenical_altar_box, uniq_natasha

Skill      XL: |  1  2 |
---------------+-------+-----
Stealth        | 1 |  1.4
Fighting       | |  3.4
Dodging        | |  4.7
Unarmed Combat | |  3.7

Action                   || total
-------------------------++-------
Melee: Unarmed           ||   149
       Bite              ||    26
       Punch             ||     5
Invok: Berserk           ||     1
  Use: Scroll            ||     7
 Stab: Sleeping          ||     2
Armor: Skin              ||     3
Dodge: Dodged            ||    58

Table legend: (Time is in decaauts)
 A = Elapsed time spent in this place.
 B = Non-inter-level travel time spent in this place.
 C = Inter-level travel time spent in this place.
 D = Time resting spent in this place.
 E = Time spent auto-exploring this place.
 F = Levels seen in this place.
 G = Mean time per level.
                   A        B        C        D        E       F      G
               +--------+--------+--------+--------+--------+-----+--------+
         Total |   1532 |    286 |   1246 |      0 |      0 |   2 |  766.0 |
       Dungeon |   1532 |    286 |   1246 |      0 |      0 |   2 |  766.0 |
               +--------+--------+--------+--------+--------+-----+--------+

Top non-repeatable levels by time:
     D:1: 895 daAuts
     D:2: 636 daAuts
